 Dungeon Crawl Stone Soup version 0.24.0-10-g970556be89 (webtiles) character file.

Game seed: 11341341553748634158, levelgen mode: deterministic

217 Delamore the Chopper (level 5, 0/47 HPs)
             Began as a Hill Orc Monk on Nov 4, 2019.
             Was a Believer of Beogh.
             Slain by a hound (2 damage)
             ... on level 3 of the Dungeon.
             The game lasted 00:04:05 (3448 turns).

Delamore the Chopper (Hill Orc Monk)                Turns: 3448, Time: 00:04:05

Health: 0/47       AC:  5    Str: 13 (15) XL:     5   Next: 94%
Magic:  5/5        EV: 17    Int:  9 (10) God:    Beogh [**....]
Gold:   142        SH:  0    Dex: 16 (18) Spells: 4/4 levels left

rFire    . . .     SeeInvis .   a - +0 hand axe
rCold    . . .     Gourm    .   (no shield)
rNeg     . . .     Faith    .   g - +0 ring mail
rPois    .         Spirit   .   (no helmet)
rElec    .         Reflect  .   (no cloak)
rCorr    .         Harm     .   (no gloves)
MR       .....                  (no boots)
Stlth    ++........             (no amulet)
HPRegen  0.15/turn              (no ring)
MPRegen  0.09/turn              (no ring)

@: agile
A: no striking features
a: Smiting, Renounce Religion


You were on level 3 of the Dungeon.
You worshipped Beogh.
Beogh was pleased with you.
You were not hungry.

You visited 1 branch of the dungeon, and saw 4 of its levels.

You collected 142 gold pieces.

Inventory:

Hand Weapons
 a - a +0 hand axe (weapon)
Armour
 b - a +0 robe
 g - a +0 ring mail (worn)
Jewellery
 v - an uncursed ring of protection from cold {unknown}
Wands
 p - a wand of iceblast (9)
 s - a wand of digging (4)
Scrolls
 d - 3 scrolls of teleportation {unknown}
 e - a scroll of magic mapping {unknown}
 h - a scroll of noise {unknown}
 i - 7 scrolls of identify {unknown}
 k - 3 scrolls of remove curse {unknown}
 l - 2 scrolls of fear {unknown}
 o - a scroll of enchant armour {unknown}
Potions
 j - 2 potions of might {unknown}
 m - a potion of haste {unknown}
 n - a potion of degeneration
 q - a potion of cancellation {unknown}
 r - a potion of lignification {unknown}
 t - 3 potions of curing {unknown}
 u - 3 potions of brilliance {unknown}
 w - a potion of invisibility {unknown}
Comestibles
 c - 6 rations


   Skills:
 + Level 4.6 Fighting
 + Level 6.3 Axes
 + Level 2.0 Armour
 + Level 3.2 Dodging
 - Level 1.6 Stealth


You had 4 spell levels left.
You didn't know any spells.
Your spell library was empty.

Dungeon Overview and Level Annotations

Branches:
Dungeon (4/15)
 Temple: D:4-7

Altars:
Makhleb


Message History

Found a fuming green potion.
The orc wizard casts a spell at you. You resist with some effort.
The hound closely misses you.
Found 14 arrows.
A jackal comes into view.
There is a stone staircase leading up here.
The hound closely misses you. The orc wizard closely misses you.
The hound closely misses you.
You climb upwards.
There is a stone staircase leading down here.
It was a potion of degeneration.
There was something very wrong with that liquid.
You feel weakened.
You feel dopey.
You feel clumsy. The hound completely misses you.
The orc wizard hits you but does no damage.
The hound barely misses you.
It was a potion of agility.
You feel agile all of a sudden. The orc wizard misses you. The hound bites you.
You die...

#.##.[..#..........##.#.#.#......
#.##.##...#####.#####....##.##.#.
#.......### #........####......
####..### #..........#####...
#..# ##########.# ###. ##.#
##########.## #. #.#
######.......##).## #. #.#
#.......####.##)#.#####. #.#
#.....h@####.#.###...... #####.##
#.....>o....).## ##..... .......#
#.......####.#.###...... .###...#
#.......####.##.#.####.. .##....#
######.......#...## #.. .##....#
#########.### ##.. .##.##.# #.#
#... .......# #.# #...
.##.##.############ #.# #...


You could see a hound and an orc wizard.

Vanquished Creatures
  A scorpion (D:4)
  A centaur skeleton (D:3)
  An orc wizard (D:3)
  A hound skeleton (D:4)
  An adder (D:2)
  A gnoll (D:1)
  A worm (D:2)
  A dart slug (D:3)
  4 leopard geckos (D:1)
  2 orcs (D:3)
  4 bats
  4 giant cockroaches
  8 goblins
  10 hobgoblins
  8 jackals
  6 frilled lizards
  4 kobolds
  6 rats
64 creatures vanquished.

Notes
Turn   | Place    | Note
-------+----------+-------------------------------------------
     0 | D:1      | Delamore the Hill Orc Monk began the quest for the Orb.
     0 | D:1      | Reached XP level 1. HP: 19/19 MP: 1/1
   441 | D:1      | Reached XP level 2. HP: 18/27 MP: 2/2
   845 | D:1      | Reached XP level 3. HP: 31/33 MP: 3/3
  1446 | D:2      | Reached skill level 5 in Axes
  1528 | D:2      | Reached XP level 4. HP: 40/40 MP: 4/4
  1773 | D:2      | Found a burning altar of Makhleb.
  2007 | D:3      | Reached skill level 1 in Armour
  2150 | D:3      | Reached XP level 5. HP: 44/47 MP: 5/5
  2352 | D:3      | Reached skill level 6 in Axes
  3066 | D:4      | Became a worshipper of Beogh the Brigand
  3066 | D:4      | Reached * piety under Beogh
  3066 | D:4      | Reached ** piety under Beogh
  3423 | D:4      | Noticed an ogre
  3441 | D:4      | HP: 1/47 [ogre/+0 giant club (21)]
  3448 | D:3      | Slain by a hound

Levels and vault maps discovered:
D:1:      eino_arrival_water_cross, layout_loops_ring,
          chequers_serial_rivers_micro_e
D:2:      layout_loops_cross, marbit_many_paths
D:3:      layout_loops_cross, first_ration
D:4:      layout_cave_pods, led_sif_pool, nicolae_overflow_hidden_temple

Skill      XL: |  1  2  3  4  5 |
---------------+----------------+-----
Fighting       | 4 |  4.6
Axes           | 5 6 |  6.3
Armour         | 1 2 |  2.0
Dodging        | 3 |  3.2
Stealth        | |  1.6

Action                   |  1- 3 |  4- 6 || total
-------------------------+-------+-------++-------
Melee: Hand axe          |   117 |   112 ||   229
Invok: Convert to Beogh  |       |     1 ||     1
Evoke: Wand              |       |     1 ||     1
  Use: Potion            |       |     2 ||     2
 Stab: Sleeping          |     2 |     1 ||     3
  Eat: Chunk             |     1 |     7 ||     8
Armor: Robe              |    17 |       ||    17
       Ring mail         |    19 |    41 ||    60
Dodge: Dodged            |    79 |    87 ||   166
